Map: Disco Bloodbath LE

Players

LiquidMaNa (MaNa) - Winner!

  • Race: Protoss Protoss
  • League: Grandmaster
  • Spawn Location: 9:00

lIIllllIIlll (INnoVation)

  • Race: Terran Terran
  • League: Master
  • Spawn Location: 3:00

Event: HomeStory Cup XX

VOD

Have the link to the VOD?

Description

Time

  • Played on: Nov. 21, 2019, 1:54 p.m.
  • Length: 5:12

All games in this series

Show
View Real Time Build Order
Export as new Build Order

LiquidMaNa Protoss - Winner!

Build Orders:  

Get SALT Encoding   

  12  0:00  Probe  
  13  0:12  Probe  
  14  0:17  Pylon  
  14  0:24  Probe  
  15  0:32  Probe  
  15  0:38  Gateway  
  15  0:40  Probe  
  16  0:46  Assimilator  
  17  0:51  Probe  
  17  0:54  Assimilator  
  18  1:03  Probe  
  19  1:07  Gateway  
  19  1:15  Probe  
  20  1:25  Cybernetics Core  
  20  1:27  Probe  
  21  1:38  Pylon  
  21  1:39  Probe  
  22  1:51  Probe  
  23  2:01  Stalker x2  
  27  2:07  Robotics Facility  
  27  2:12  Warp Gate  
  28  2:19  Pylon  
  28  2:21  Stalker  
  27  2:23  Stalker  
  31  2:47  Warp Prism  
  32  2:59  Pylon  
  32  3:04  Stalker  
  34  3:07  Sentry  
  36  3:22  Immortal  
  40  4:01  Immortal  
  44  4:03  Stalker  
  44  4:05  Pylon  
  46  4:31  Stalker x2  
  48  4:57  Zealot x2  
Show
View Real Time Build Order
Export as new Build Order

lIIllllIIlll Terran 

Build Orders: Reaper Expand 

Get SALT Encoding   

  12  0:00  SCV  
  13  0:12  SCV  
  14  0:17  Supply Depot  
  14  0:24  SCV  
  15  0:38  SCV  
  15  0:39  Barracks  
  16  0:43  Refinery  
  16  0:50  SCV  
  17  1:02  SCV  
  18  1:14  SCV  
  19  1:26  Orbital Command, Reaper  
  20  1:39  Command Center  
  20  1:50  Supply Depot  
  20  1:52  SCV  
  21  1:58  Marine  
  22  2:04  SCV  
  22  2:08  Bunker  
  23  2:14  Factory  
  23  2:18  SCV  
  23  2:21  Barracks Reactor  
  24  2:26  Refinery  
  24  2:30  SCV  
  25  2:44  SCV  
  25  2:47  Bunker  
  25  2:52  Orbital Command  
  25  2:57  Marine x2, SCV  
  25  2:58  Factory Tech Lab  
  28  3:12  SCV  
  29  3:15  Marine x2  
  29  3:17  Cyclone  
  29  3:19  Mag-Field Accelerator  
  34  3:20  Orbital Command  
  34  3:30  Bunker  
  34  3:33  Marine x2  
  36  3:35  SCV  
  34  3:49  Cyclone  
  34  3:50  Marine x2, SCV  
  35  4:03  Supply Depot  
  35  4:08  Starport, Marine x2  
  35  4:09  SCV x2  
  39  4:17  Supply Depot  
  39  4:25  Cyclone  
  40  4:31  SCV x2  
  40  4:33  Marine  
  37  4:40  Marine  
Tags
 
Add a new tag
Caveats
  • Supply blocks, unpowered buildings, or Contaminate may cause inaccurate times.
  • Supply counts are checked every 10 seconds.